 Dungeon Crawl Stone Soup version 0.22-a0-423-g4197694 (webtiles) character file.

1 iamserjio the Sneak (level 1, -2/13 HPs)
             Began as a Vampire Conjurer on May 23, 2018.
             Slain by a hobgoblin (5 damage)
             ... on level 1 of the Dungeon.
             The game lasted 00:00:48 (73 turns).

iamserjio the Sneak (Vampire Conjurer)                Turns: 73, Time: 00:00:49

Health: -2/13      AC:  2    Str:  7    XL:     1   Next: 16%
Magic:  2/3        EV: 12    Int: 17    God:
Gold:   9          SH:  0    Dex: 14    Spells: 3/4 levels left

rFire    . . .     SeeInvis +   (no weapon)
rCold    . . .     Gourm    .   (no shield)
rNeg     + . .     Faith    .   a - +0 robe
rPois    .         Spirit   .   (no helmet)
rElec    .         Reflect  .   (no cloak)
rCorr    .         Harm     .   (no gloves)
MR       .....                  (no boots)
Stlth    ++........             (no amulet)
HPRegen  0.04/turn              (no ring)
MPRegen  0.08/turn              (no ring)

@: no status effects
A: fangs 3, see invisible, unbreathing
a: no special abilities


You were on level 1 of the Dungeon.
You were not thirsty.

You visited 1 branch of the dungeon, and saw 1 of its levels.

You collected 9 gold pieces.

Inventory:

Armour
 a - a +0 robe (worn)
Potions
 c - a potion of blood


   Skills:
 + Level 2.2 Dodging
 + Level 3.0 Stealth
 - Level 2.0 Spellcasting
 - Level 3.0 Conjurations


You had 3 spell levels left.
You knew the following spells:

 Your Spells              Type           Power        Failure   Level  Hunger
a - Magic Dart            Conj           ##..         5%          1    #......

Your spell library contained the following spells:

 Spells                   Type           Power        Failure   Level  Hunger
 Iskenderun's Mystic Bla  Conj           ##......     50%         4    #####..
 Fulminant Prism          Conj/Hex       #.........   71%         4    #####..
 Dazzling Spray           Conj/Hex       #.....       30%         3    ###....
 Force Lance              Conj/Tloc      #.......     71%         4    #####..
 Searing Ray              Conj           ##....       9%          2    ###....


Dungeon Overview and Level Annotations

Branches:
Dungeon (1/15)

Altars:


Innate Abilities, Weirdness & Mutations

You have razor-sharp teeth.
You have supernaturally acute eyesight. (SInv)
You can survive without breathing.


Message History

The rat twitches its whiskers.
Your magical contamination has completely faded away.
Found a ration.
A leopard gecko and a hobgoblin come into view.
The bat hits you but does no damage.
The leopard gecko moves out of view.
The bat hits you. The bat barely misses you.
The kobold throws a stone.
The stone closely misses you. The bat completely misses you.
The bat closely misses you. The bat barely misses you.
The bat closely misses you. The bat hits you but does no damage.
The kobold throws a stone.
The stone hits you but does no damage.
Found a scroll labeled ARGHIAXT FOCRA.
You see here a stone.
The bat hits you but does no damage. The leopard gecko bites you.
* * * LOW HITPOINT WARNING * * *
The hobgoblin hits you.
You die...

#......$...#....#...
#...................
#####.......###.........
.?......................
......$.................
.....#................
#...#...K..#.......?.
#....l.%Kr...........
#..b@g..##......####.
#....(r.##......# .
#.......##...#### .
#...######...# ####
#...# #...# #####


You could see a leopard gecko, a hobgoblin, a bat, 2 kobolds and 2 rats.

Vanquished Creatures
  A bat (D:1)
1 creature vanquished.

Notes
Turn   | Place    | Note
-------+----------+-------------------------------------------
     0 | D:1      | iamserjio the Vampire Conjurer began the quest for the Orb.
     0 | D:1      | Reached XP level 1. HP: 13/13 MP: 3/3
    73 | D:1      | Slain by a hobgoblin

Vault maps used:
D:1:      dpeg_arrival_brainrot, minmay_cupped

Skill      XL: |  1 |
---------------+----+-----
Conjurations   | 3 |  3.0
Dodging        | |  2.2
Stealth        | |  3.0
Spellcasting   | |  2.0

Action                   || total
-------------------------++-------
Melee: Unarmed           ||     5
 Cast: Magic Dart        ||     2
Armor: Robe              ||     8
Dodge: Dodged            ||    16

Table legend:
 A = Spawn XP
 B = Non-spawn XP
 C = Spawn XP percentage of total XP
 D = Spawn monster count
 E = Non-spawn monster count
 F = Spawn count percentage of total count
 G = Total turns spent on level
                    A         B        C        D         E        F      G
               +---------+---------+-------+---------+---------+-------+---------
         Total |       0 |       2 |   0.0 |       0 |       1 |   0.0 |    73
               +---------+---------+-------+---------+---------+-------+---------
           D:1 |       0 |       2 |   0.0 |       0 |       1 |   0.0 |    73
               +---------+---------+-------+---------+---------+-------+---------
